 Dungeon Crawl Stone Soup version 0.24.0-123-gd5b16e6ec5 (webtiles) character file.

Game seed: 4489191155865749854, levelgen mode: deterministic

10401 HawFromDerth the Thrower (level 11, -7/56 HPs)
             Began as a Spriggan Assassin on Feb 11, 2020.
             Was a Priest of Qazlal.
             Shot with a bolt by a yaktaur captain (38 damage)
             ... on level 11 of the Dungeon.
             The game lasted 01:07:16 (17853 turns).

HawFromDerth the Thrower (Spriggan Assassin)       Turns: 17853, Time: 01:07:16

Health: -7/56      AC:  7    Str:  7    XL:     11   Next: 35%
Magic:  12/12      EV: 27    Int: 13    God:    Qazlal [***...]
Gold:   641        SH:  4    Dex: 24    Spells: 10/10 levels left

rFire    . . .     SeeInvis +   l - +5 short sword "Beetlebane" {pierce, Dex+3}
rCold    + . .     Gourm    .   (shield restricted)
rNeg     . . .     Faith    .   z - +0 troll leather armour
rPois    .         Spirit   .   (helmet restricted)
rElec    .         Reflect  .   c - +2 cloak
rCorr    .         Harm     .   (gloves unavailable)
MR       +....                  (boots unavailable)
Stlth    +++.......             (no amulet)
HPRegen  0.58/turn              w - ring of see invisible
MPRegen  0.13/turn              x - ring of protection from cold

@: very quick
A: very small, unfitting armour, see invisible, herbivore, speed 3, slow
metabolism 2
a: Upheaval, Elemental Force, Renounce Religion


You were on level 11 of the Dungeon.
You worshipped Qazlal.
Qazlal was most pleased with you.
You were not hungry.

You visited 1 branch of the dungeon, and saw 11 of its levels.

You collected 849 gold pieces.
You spent 208 gold pieces at shops.

Inventory:

Hand Weapons
 a - a +3 dagger
 l - the +5 short sword "Beetlebane" (weapon) {pierce, Dex+3}
   (You bought it in a shop on level 8 of the Dungeon)

   It inflicts extra damage upon your enemies.
   It affects your dexterity (+3).
Armour
 b - a +0 robe
 c - a +2 cloak (worn)
 z - a +0 troll leather armour (worn)
Jewellery
 w - a ring of see invisible (left hand)
 x - a ring of protection from cold (right hand)
Wands
 d - a wand of polymorph (6)
 i - a wand of acid (5)
 n - a wand of flame (19)
 q - a wand of random effects (17)
Scrolls
 h - 12 scrolls of teleportation
 j - 3 scrolls of enchant weapon
 k - 3 scrolls of fear
 m - 2 scrolls of blinking
 o - 3 scrolls of immolation
 p - 3 scrolls of identify
 s - 3 scrolls of remove curse
 v - a scroll of acquirement {unknown}
 y - a scroll of silence
Potions
 g - 6 potions of heal wounds
 r - 3 potions of curing
 u - 3 potions of degeneration
Comestibles
 f - 22 rations


   Skills:
 * Level 6.1 Fighting
 + Level 10.1 Short Blades
 + Level 10.8 Throwing
 + Level 1.2 Armour
 + Level 9.9 Dodging
 + Level 9.9 Stealth


You had 10 spell levels left.
You didn't know any spells.
Your spell library was empty.

Dungeon Overview and Level Annotations

Branches:
Dungeon (11/15)            Temple (0/1) D:7            Lair (0/6) D:11
    Orc: D:9-12

Altars:
Kikubaaqudgha
Qazlal
Ru
Xom

Shops:
D:8 (}*((


Innate Abilities, Weirdness & Mutations

You are very small and have problems with some larger weapons.
You are too small for most types of armour.
You have supernaturally acute eyesight. (SInv)
You are a herbivore.
You cover ground extremely quickly.
You need to consume almost no food.


Message History

Aim: a yaktaur captain, wielding a +0 arbalest (severely wounded, poisoned)
Okay, then.
Firing (i - inventory) No suitable missiles.
Press: ? - help, Shift-Dir - straight line, f/p - yaktaur captain
Aim: a yaktaur captain, wielding a +0 arbalest (severely wounded, poisoned)
Okay, then.
Unknown command.
The yaktaur captain unwields a +0 arbalest.
You block the yaktaur captain's attack.
You hit the yaktaur captain.
The yaktaur captain is severely wounded.
Your troll leather armour prevents you from hitting the yaktaur captain.
The yaktaur captain is severely wounded.
The yaktaur captain hits you!!
You hit the yaktaur captain.
The yaktaur captain is severely wounded.
The yaktaur captain wields a +0 arbalest.
The yaktaur captain shoots a bolt.
The bolt hits you!!!
Ouch! That really hurt!
You die...

###############
#((c.@...(....#
############.###########.#
...........#.# #.#
#.##.#####.#.# #.# #.##.#
#.#.# #.# ..##.# #...# #.#
####.#####.########### #.#
..............÷a.....# #.#
################.###.# #.#


You could see a yaktaur captain.

Vanquished Creatures
  Fannar (D:10)
  Harold (D:11)
  A hydra (D:10)
  Erica (D:8)
  2 two-headed ogres (D:9)
  Maurice (D:8)
  Joseph (D:7)
  A gargoyle (D:10)
  2 trolls
  2 hippogriffs
  Sigmund (D:3)
  3 hungry ghosts
  Edmund (D:4)
  A water moccasin (D:6)
  A black bear (D:9)
  An ice beast (D:8)
  2 slaves (D:5)
  3 sky beasts
  7 ogres
  A phantom (D:10)
  A boggart (D:11)
  3 centaurs
  A crocodile (D:9)
  2 big kobolds
  6 bullfrogs
  A gnoll sergeant (D:10)
  6 scorpions
  4 howler monkeys
  3 crimson imps
  A centaur zombie (D:7)
  2 bullfrog zombies
  2 hounds
  4 orc wizards
  4 orc priests
  2 jellies
  A bullfrog skeleton (D:4)
  3 iguanas
  11 worker ants
  A hound zombie (D:5)
  2 hound skeletons
  2 worker ant zombies
  6 gnolls
  A howler monkey skeleton (D:9)
  11 adders
  4 shadow imps
  2 oozes
  3 adder skeletons
  An adder zombie (D:8)
  5 worms
  4 dart slugs
  7 leopard geckos
  30 orcs
  7 bats
  7 giant cockroaches
  6 goblins
  7 hobgoblins
  22 jackals
  4 quokkas
  6 frilled lizards
  10 kobolds
  A leopard gecko skeleton (D:8)
  10 rats
  A butterfly (D:7)
251 creatures vanquished.

Vanquished Creatures (others)
  A human (D:5)
  A scorpion (D:10)
2 creatures vanquished.

Grand Total: 253 creatures vanquished

Notes
Turn   | Place    | Note
-------+----------+-------------------------------------------
     0 | D:1      | HawFromDerth the Spriggan Assassin began the quest for the
                  | Orb.
     0 | D:1      | Reached XP level 1. HP: 10/10 MP: 2/2
    71 | D:1      | Reached XP level 2. HP: 14/14 MP: 3/3
   899 | D:1      | Reached XP level 3. HP: 18/18 MP: 4/4
  1588 | D:2      | Found a sacrificial altar of Ru.
  1597 | D:2      | Found an ancient bone altar of Kikubaaqudgha.
  1598 | D:2      | Found a shimmering altar of Xom.
  1598 | D:2      | Found a stormy altar of Qazlal.
  1729 | D:2      | Reached XP level 4. HP: 18/23 MP: 5/5
  2532 | D:2      | Became a worshipper of Qazlal Stormbringer
  3560 | D:3      | Found a glowing drain.
  3974 | D:3      | Noticed Sigmund
  3999 | D:3      | Killed Sigmund
  3999 | D:3      | Reached XP level 5. HP: 16/26 MP: 6/6
  3999 | D:3      | Reached XP level 6. HP: 19/30 MP: 7/7
  5284 | D:4      | Reached skill level 5 in Short Blades
  5358 | D:4      | Reached * piety under Qazlal
  5984 | D:4      | Noticed Edmund
  6031 | D:4      | Killed Edmund
  6031 | D:4      | Reached XP level 7. HP: 32/35 MP: 8/8
  6177 | D:5      | Entered Level 5 of the Dungeon
  7145 | D:5      | Reached skill level 5 in Throwing
  7212 | D:5      | Reached XP level 8. HP: 26/39 MP: 9/9
  7293 | D:5      | Found an ancient bone altar of Kikubaaqudgha.
  8443 | D:6      | Reached skill level 5 in Dodging
 10193 | D:7      | Noticed Joseph
 10497 | D:7      | Reached ** piety under Qazlal
 10955 | D:7      | Found a staircase to the Ecumenical Temple.
 11038 | D:7      | Killed Joseph
 11038 | D:7      | Reached XP level 9. HP: 18/44 MP: 10/10
 12758 | D:8      | Noticed Erica
 12897 | D:8      | Killed Erica
 13371 | D:8      | Noticed Maurice
 13449 | D:8      | Killed Maurice
 13509 | D:8      | Reached XP level 10. HP: 28/51 MP: 11/11
 13849 | D:8      | Found Sythrar's Antique Weapon Boutique.
 13890 | D:8      | Bought a faintly glowing short sword for 208 gold pieces
 13891 | D:8      | Identified the +5 short sword "Beetlebane" {pierce, Dex+3}
                  | (You bought it in a shop on level 8 of the Dungeon)
 14319 | D:8      | Found Mevvappo's Gadget Emporium.
 14336 | D:8      | Found Puruxiuho's General Store.
 14337 | D:8      | Found Ozelapogh's Antique Weapon Shoppe.
 14358 | D:8      | Found Kaonnume's Weapon Shop.
 15063 | D:9      | Noticed a two-headed ogre
 15107 | D:9      | Killed a two-headed ogre
 15107 | D:9      | Reached skill level 5 in Fighting
 15251 | D:9      | Reached *** piety under Qazlal
 15731 | D:9      | Noticed a two-headed ogre
 15761 | D:9      | Killed a two-headed ogre
 16072 | D:10     | Entered Level 10 of the Dungeon
 16079 | D:10     | Noticed a gargoyle
 16107 | D:10     | Killed a gargoyle
 16107 | D:10     | Reached skill level 10 in Throwing
 16231 | D:10     | Noticed an eight-headed hydra
 16318 | D:10     | Killed an eight-headed hydra
 16318 | D:10     | Reached XP level 11. HP: 23/56 MP: 12/12
 16857 | D:10     | Noticed Fannar
 16928 | D:10     | Killed Fannar
 17073 | D:10     | Reached **** piety under Qazlal
 17111 | D:10     | Reached skill level 1 in Armour
 17325 | D:11     | Found a staircase to the Lair.
 17477 | D:11     | Reached skill level 10 in Short Blades
 17536 | D:11     | Noticed Harold
 17566 | D:11     | Killed Harold
 17783 | D:11     | Noticed a yaktaur captain
 17853 | D:11     | Shot with a bolt by a yaktaur captain

Levels and vault maps discovered:
D:1:      wander_arrival_peaceful_grave, layout_rooms
D:2:      wad_crossroads, layout_loops_ring,
          chequers_temple_overflow_statue_of_worship, nrook_campfire,
          grunt_ministairs_12, kennysheep_generic_room_7
D:3:      layout_basic, cheibrodos_sewer_entry_drain, uniq_sigmund
D:4:      layout_basic, columned_hall_lemuel, uniq_edmund
D:5:      layout_loops_ring, first_ration, minmay_misc_feat_doors, st_stairs_5,
          tgw_kikubaaqudgha, uniq_pikel
D:6:      layout_loops_ring, chequers_garden
D:7:      layout_basic, minmay_temple_entry_butterflies, uniq_joseph
D:8:      layout_loops_ring, serial_shops,
          nicolae_shop_temple_entry_statues_fountains, shop,
          nicolae_shop_competitors_out_of_business, kennysheep_mini_moat, shop,
          blue_anna_alchemist [blue_anna_fruit_fields, blue_anna_fruit_fields],
          uniq_erica, uniq_maurice
D:9:      layout_basic
D:10:     layout_basic, uniq_fannar
D:11:     minmay_the_grid_square_5x5_5x5 [minmay_the_grid_square_5x5_spiral,
          minmay_the_grid_square_5x5_tri_point,
          minmay_the_grid_square_5x5_minivault,
          minmay_the_grid_square_5x5_inner_v, minmay_the_grid_square_5x5_fat_x,
          minmay_the_grid_square_5x5_longway,
          minmay_the_grid_square_5x5_prize_open,
          minmay_the_grid_square_5x5_almost_minimal,
          minmay_the_grid_square_5x5_prize_open,
          minmay_the_grid_square_5x5_slash,
          minmay_the_grid_square_5x5_spiral_small,
          minmay_the_grid_square_5x5_inverted_slash,
          minmay_the_grid_square_5x5_prize_snowflake,
          minmay_the_grid_square_5x5_corner, minmay_the_grid_square_5x5_percent,
          minmay_the_grid_square_5x5_moneybag,
          minmay_the_grid_square_5x5_prize_rear_guard,
          minmay_the_grid_square_5x5_one_wall,
          minmay_the_grid_square_5x5_prize_waves, minmay_the_grid_square_5x5_v,
          minmay_the_grid_square_5x5_broken_cross,
          minmay_the_grid_square_5x5_meh,
          minmay_the_grid_square_5x5_fancy_junction,
          minmay_the_grid_square_5x5_inner_i, minmay_the_grid_square_5x5_three],
          layout_loops_ring, uniq_harold

Skill      XL: |  1  2  3  4  5  6  7  8  9 10 11 |
---------------+----------------------------------+-----
Stealth        | 6 7 8 9 |  9.9
Short Blades   | 3 4 5 6 8 9 10 | 10.1
Dodging        | 2 3 4 6 8 9 |  9.9
Fighting       | 2 3 4 5 6 |  6.1
Throwing       | 3 4 5 7 8 10 | 10.8
Armour         | 1 |  1.2

Action                   |  1- 3 |  4- 6 |  7- 9 | 10-12 || total
-------------------------+-------+-------+-------+-------++-------
Melee: Dagger            |   152 |   214 |   601 |    13 ||   980
       Short sword       |       |       |       |   356 ||   356
Throw: Dart              |    25 |    58 |   215 |   187 ||   485
  Use: Scroll            |       |     8 |     3 |       ||    11
       Potion            |       |     3 |     4 |     5 ||    12
 Stab: Sleeping          |     7 |     7 |       |       ||    14
       Distracted        |     1 |       |       |       ||     1
       Invisible         |       |       |       |     1 ||     1
  Eat: Ration            |       |     2 |     6 |     3 ||    11
Armor: Robe              |    22 |    28 |    21 |     8 ||    79
       Troll leather arm |       |       |       |     8 ||     8
Dodge: Dodged            |   106 |   128 |   382 |   249 ||   865
       Deflected         |       |       |       |     1 ||     1
Block: Other             |       |       |    22 |    39 ||    61
